 Dungeon Crawl Stone Soup version 0.25.1-2-g60ff931df9 (webtiles) character file.

Game seed: 4826528337286243201

49282 Chimkentus the Nimble (level 14, -2/97 HPs)
             Began as an Octopode Assassin on Sept 3, 2020.
             Was a Plaything of Xom.
             Killed from afar by a catoblepas (8 damage)
             ... with a blast of calcifying dust
             ... on level 6 of the Lair of Beasts on Sept 4, 2020.
             The game lasted 03:27:52 (20258 turns).

Chimkentus the Nimble (Octopode Assassin)          Turns: 20258, Time: 03:27:53

Health: -2/97      AC:  0    Str: 10    XL:     14   Next: 50%
Magic:  20/20      EV: 22    Int: 13    God:    Xom [.....*]
Gold:   568        SH:  5    Dex: 17    Spells: 11/21 levels left

rFire    . . .     SeeInvis .   (weapon currently unavailable)
rCold    . . .     Gourm    .   (shield currently unavailable)
rNeg     . . .     Faith    .   (helmet currently unavailable)
rPois    .         Spirit   .   i - amulet of reflection
rElec    .         Reflect  +   (ring currently unavailable)
rCorr    .         Harm     .   (ring currently unavailable)
MR       +....                  (ring currently unavailable)
Stlth    ++++......             (ring currently unavailable)
HPRegen  0.26/turn              (ring currently unavailable)
MPRegen  0.17/turn              (ring currently unavailable)
                                (ring currently unavailable)
                                (ring currently unavailable)

@: pig-form (expiring), very quick
A: small, almost no armour, stealthy swim, (amphibious), (8 rings), (constrict
8), dopey 1
a: Renounce Religion


You were on level 6 of the Lair of Beasts.
You worshipped Xom.
You were Xom's teddy bear.
You were not hungry.
You were a filthy swine.
You visited 2 branches of the dungeon, and saw 16 of its levels.

You collected 1051 gold pieces.
You spent 483 gold pieces at shops.

Inventory:

Hand Weapons
 a - a +2 dagger
 c - a +1 dagger of speed
 o - a +2 short sword of venom
 q - a +4 hunting sling of flaming
 N - the +8 war axe "Racajit" (melded) {vorpal, Str+6 Int+4}
   (You found it on level 6 of the Dungeon)

   It inflicts extra damage upon your enemies.
   It affects your strength (+6).
   It affects your intelligence (+4).
 Q - the +1 dagger of the Equator {holy, rC+}
   (You found it on level 5 of the Lair of Beasts)

   It has been blessed by the Shining One to cause great damage to the undead
   and demons.
   It protects you from cold.
Missiles
 b - 75 poisoned darts (quivered)
 k - 21 sling bullets
 D - 8 boomerangs
 R - 7 silver javelins
 W - 5 datura-tipped darts
 Z - 16 arrows
Armour
 K - a +2 buckler of protection (melded)
Magical Staves
 O - an uncursed staff of energy
Jewellery
 i - an amulet of reflection (around neck)
 s - a ring of fire (melded)
 u - an uncursed ring of ice
 x - a ring of protection from cold (melded)
 z - a ring of wizardry (melded)
 A - a ring of see invisible (melded)
 C - the ring "Nuurch" (melded) {rPois MP+9 Stlth+}
   (Xom gifted it to you on level 4 of the Dungeon)

   [ring of poison resistance]

   It protects you from poison.
   It affects your magic capacity (+9).
   It makes you more stealthy.
 J - an uncursed ring of ice
 L - a ring of magical power (melded)
 P - a ring of poison resistance (melded)
 X - a ring of positive energy (melded)
Wands
 p - a wand of polymorph (17)
 G - a wand of random effects (7)
 S - a wand of digging (5)
 U - a wand of flame (19)
Scrolls
 e - 4 scrolls of fog
 g - 4 scrolls of remove curse
 h - 8 scrolls of teleportation
 l - 8 scrolls of identify
 n - a scroll of blinking
 y - 3 scrolls of magic mapping
 B - a scroll of amnesia
 I - 2 scrolls of immolation
Potions
 f - a potion of ambrosia
 j - a potion of cancellation
 m - 4 potions of brilliance
 r - a potion of magic
 t - a potion of heal wounds
 w - 4 potions of curing
 F - 4 potions of flight
 V - a potion of resistance
Miscellaneous
 v - a lightning rod (1/4)
 H - a phial of floods (inert)
Comestibles
 d - 27 rations
 M - 10 chunks of flesh


   Skills:
 * Level 9.4 Fighting
 + Level 6.8 Short Blades
 + Level 8.6 Axes
   Level 0.4(5.3) Maces & Flails
 + Level 3.6(5.2) Slings
   Level 3.1 Crossbows
 + Level 5.6(6.2) Throwing
 * Level 9.6 Dodging
 + Level 7.4 Stealth
 * Level 7.7 Shields
 + Level 0.7 Unarmed Combat
 + Level 4.2 Spellcasting
 * Level 8.9 Transmutations
 * Level 6.7 Earth Magic
 * Level 9.1 Evocations


You had 11 spell levels left.
You knew the following spells:

 Your Spells              Type           Power        Failure   Level  Hunger
a - Beastly Appendage     Tmut           ####..       1%          1    None
b - Sticks to Snakes      Tmut           ####....     1%          2    ##.....
c - Spider Form           Tmut/Pois      ##........   10%         3    ###....
d - Petrify               Tmut/Erth      ###.....     8%          4    ####...

Your spell library contained the following spells:

 Spells                   Type           Power        Failure   Level  Hunger
 Blade Hands              Tmut           ####......   14%         5    ######.
 Ice Form                 Ice/Tmut       ##......     32%         4    ####...
 Confusing Touch          Hex            #.......     52%         3    ###....
 Gell's Gravitas          Tloc           #.........   52%         3    ###....
 Yara's Violent Unravell  Hex/Tmut       ##........   65%         5    ######.
 Metabolic Englaciation   Hex/Ice        #.........   99%         5    ######.


Dungeon Overview and Level Annotations

Branches:
Dungeon (10/15)            Temple (0/1) D:4            Lair (6/6) D:8
 Shoals (0/4) Lair:2       Spider (0/4) Lair:3        Slime (0/5) Lair:6
    Orc (0/2) D:10

Altars:
Ashenzari
Dithmenos
Fedhas
Kikubaaqudgha
Qazlal
Sif Muna
Trog
Uskayaw
Xom
Yredelemnul
The Shining One
Beogh

Shops:
D:6 *   D:10 [

Annotations:
D:7 Peloso's ghost, journeyman DsFi
Lair:5 exclusion: 2 oklob plants


Innate Abilities, Weirdness & Mutations

You cannot wear most types of armour.
You are very stealthy in the water. (Stealth+)
((You are amphibious.))
((You can wear up to eight rings at the same time.))
((You can use your tentacles to constrict eight enemies at once.))
((Your skin changes colour to match your surroundings (Stealth+).))
((Your rubbery body absorbs attacks. (AC +1, EV +1)))
((You are partially covered in iridescent scales. (AC +2)))
((You are partially covered in large bone plates. (SH +4)))
((You are partially covered in thin metallic scales. (AC +2)))
You are dopey. (Int -2)


Message History

Your ball python dies!
You can't do that in your present form.
Unknown command.
You can't do that in your present form.
Okay, then.
Evoke which item? (* to show all) (? for menu, Esc to quit)
Okay, then.
Okay, then.
Your adder bites the catoblepas but does no damage.
Your adder bites the catoblepas but does no damage.
Evoke which item? (* to show all) (? for menu, Esc to quit)
Aiming: Thunderbolt
Press: ? - help, Shift-Dir - straight line, f/p - catoblepas
Aim: a catoblepas (calcifying dust, severely wounded, poisoned)
The thunderbolt hits the catoblepas!
The catoblepas is almost dead.
Your transformation is almost over.
The catoblepas breathes a plume of calcifying dust at you.
The blast of calcifying dust hits you!
You die...

###.......... # ### ###
#............ # ##?P##≈###
#............ . ##....≈.≈.##
###.......... # #P..§Y§#YY§##
#######......... # #.....###S§§##
#PP..####....... # #....#
##..§####...## #....... #
###..### ###§§.##....# #....... #
## ..## ###h.....## #....... ##
#..## ##...##.P# #....... .#
##...# ##÷.####### ##...... .##
#...## #..## ### #...... ..#
##..P###÷## ###.## #...... .##
##.......÷####....## #....##
.P####..###....P##...÷..###....#.
...##..## ###...#..÷...###.......
.8..÷..# ##.....##..# #.......


There were no monsters in sight!

Vanquished Creatures
  2 entropy weavers (Lair:4)
  Nessos (Lair:6)
  Fannar (D:10)
  3 hydras
  A catoblepas (Lair:3)
  A two-headed ogre (D:10)
  A queen ant (Lair:4)
  13 death yaks
  An unseen horror (Lair:3)
  An elephant (Lair:4)
  A mana viper (D:8)
  2 manticores (Lair:6)
  3 black mambas
  A torpor snail (Lair:6)
  14 spiny frogs
  Maggie (D:6)
  A gargoyle (D:10)
  5 komodo dragons
  2 rime drakes
  2 trolls
  6 polar bears
  9 dream sheep
  9 blink frogs
  8 hippogriffs
  Sigmund (D:6)
  A vampire (D:9)
  37 yaks
  2 wraiths (D:7)
  A basilisk (Lair:6)
  10 soldier ants (Lair:4)
  Duvessa (D:7)
  4 porcupines
  13 water moccasins
  4 black bears
  3 orc warriors (D:10)
  5 ice beasts
  3 sky beasts
  4 centaurs
  4 ogres
  7 wolves
  A tengu (D:9)
  10 crocodiles
  2 big kobolds (D:8)
  8 bullfrogs
  A gnoll sergeant (D:9)
  A wyvern zombie (D:9)
  2 scorpions
  3 killer bees (D:9)
  10 wights
  3 howler monkeys
  A troll skeleton (D:7)
  5 crimson imps
  3 bullfrog zombies (D:7)
  2 centaur zombies
  A quasit (D:10)
  5 human zombies (D:7)
  4 jellies
  4 orc wizards
  3 hounds
  4 orc priests
  2 centaur skeletons
  A bullfrog skeleton (D:8)
  3 iguanas
  17 worker ants
  A hound zombie (D:10)
  An ogre skeleton (D:7)
  A hound skeleton (D:8)
  2 worker ant zombies
  10 gnolls
  9 adders
  2 shadow imps
  A white imp (D:5)
  6 oozes
  An adder zombie (D:6)
  2 worms
  2 dart slugs
  5 leopard geckos
  33 orcs
  4 giant cockroaches
  12 goblins
  5 hobgoblins
  7 jackals
  7 quokkas
  9 bats
  8 frilled lizards
  A goblin skeleton (D:5)
  2 goblin zombies (D:5)
  A hobgoblin zombie (D:5)
  11 kobolds
  An orc skeleton (D:5)
  4 orc zombies
  3 rats
  2 fungi (D:6)
  8 plants
446 creatures vanquished.

Vanquished Creatures (collateral kills)
  A catoblepas (Lair:6)
  3 death yaks
  2 elephants (Lair:4)
  5 blink frogs
  A dream sheep (Lair:6)
  11 yaks
  A soldier ant (Lair:4)
  A water moccasin (Lair:4)
  An orc warrior (D:10)
  A black bear (Lair:1)
  2 crocodiles
  A bullfrog (Lair:1)
  Dowan (D:7)
  A killer bee (D:9)
  An orc priest (D:10)
  A worker ant (Lair:4)
  A gnoll (D:8)
  An adder (D:4)
  10 orcs
  An orc skeleton (D:5)
47 creatures vanquished.

Vanquished Creatures (others)
  A dream sheep (Lair:5)
  4 yaks (Lair:6)
  A water moccasin (Lair:2)
  2 crocodiles
  An orc (D:4)
  A ball python (D:4)
  A hobgoblin zombie (D:5)
  11 fungi
  12 plants
34 creatures vanquished.

Grand Total: 527 creatures vanquished

Notes
Turn   | Place    | Note
-------+----------+-------------------------------------------
     0 | D:1      | Chimkentus the Octopode Assassin began the quest for the
                  | Orb.
     0 | D:1      | Reached XP level 1. HP: 14/14 MP: 1/1
   214 | D:1      | Reached XP level 2. HP: 19/19 MP: 2/2
   852 | D:2      | Reached XP level 3. HP: 25/25 MP: 3/3
  1155 | D:2      | Reached XP level 4. HP: 30/30 MP: 4/4
  1295 | D:2      | Found a faded altar of an unknown god.
  1764 | D:2      | Became a worshipper of Xom of Chaos
  1799 | D:3      | Reached XP level 5. HP: 20/36 MP: 5/5
  1929 | D:3      | XOM: divination: detect items
  2262 | D:3      | XOM: silly message
  2578 | D:3      | You fall into a shaft and drop 3 floors!
  2608 | D:5      | Entered Level 5 of the Dungeon
  2628 | D:5      | Found a glowing golden altar of the Shining One.
  2636 | D:5      | XOM: silly message
  2691 | D:5      | XOM: butterfly on damage
  2803 | D:5      | Reached XP level 6. HP: 21/42 MP: 6/6
  3168 | D:4      | Found a hide-covered altar of Uskayaw.
  3168 | D:4      | Noticed a +0 hand axe
  3168 | D:4      | Noticed a +0 dagger
  3242 | D:4      | XOM: destruction
  3328 | D:4      | Noticed a troll
  3339 | D:4      | Killed a troll
  3339 | D:4      | Reached XP level 7. HP: 24/48 MP: 7/7
  3604 | D:4      | XOM: draining
  3609 | D:4      | Found a staircase to the Ecumenical Temple.
  3761 | D:4      | XOM: god gift: fine platinum ring {god gift}
  3762 | D:4      | Got a fine platinum ring {god gift}
  3763 | D:4      | Identified the ring "Nuurch" {rPois MP+9 Stlth+} (Xom
                  | gifted it to you on level 4 of the Dungeon)
  3895 | D:4      | Found a shadowy altar of Dithmenos.
  3903 | D:4      | Reached skill level 5 in Short Blades
  4330 | D:5      | Found a shattered altar of Ashenzari.
  4650 | D:6      | Found a blossoming altar of Fedhas.
  4810 | D:6      | Noticed a troll
  4819 | D:6      | Killed a troll
  4819 | D:6      | Reached skill level 1 in Evocations
  4819 | D:6      | Reached XP level 8. HP: 12/54 MP: 8/8
  5075 | D:6      | Learned a level 1 spell: Beastly Appendage
  5078 | D:6      | Learned a level 2 spell: Sticks to Snakes
  5233 | D:6      | Noticed Maggie
  5237 | D:6      | XOM: divination: magic mapping
  5246 | D:6      | XOM: noise
  5250 | D:6      | Killed Maggie
  5250 | D:6      | Reached skill level 1 in Transmutations
  5456 | D:6      | XOM: divination: detect items
  5502 | D:6      | Found Byofud's General Store.
  5510 | D:6      | Bought a +0 buckler of protection for 138 gold pieces
  5740 | D:6      | Noticed Sigmund
  5749 | D:6      | XOM: confuse monster(s)
  5756 | D:6      | Killed Sigmund
  5756 | D:6      | Reached skill level 5 in Fighting
  5756 | D:6      | Reached skill level 1 in Shields
  5855 | D:6      | Reached skill level 5 in Dodging
  5862 | D:6      | Got a masterwork war axe
  5862 | D:6      | Identified the +8 war axe "Racajit" {vorpal, Str+6 Int+4}
                  | (You found it on level 6 of the Dungeon)
  6161 | D:6      | Bought 5 arrows for 12 gold pieces
  6161 | D:6      | Bought a scroll of magic mapping for 42 gold pieces
  6202 | D:7      | Reached XP level 9. HP: 61/61 MP: 10/10
  6213 | D:7      | Found a shimmering blue altar of Sif Muna.
  6226 | D:7      | Found a stormy altar of Qazlal.
  6228 | D:7      | XOM: silly message
  6296 | D:7      | Noticed Duvessa
  6299 | D:7      | Noticed Dowan
  6303 | D:7      | Killed Duvessa
  6308 | D:7      | Killed Dowan
  6319 | D:7      | XOM: potion effect (brilliance)
  6421 | D:7      | XOM: silly message
  6429 | D:7      | Reached skill level 1 in Axes
  6579 | D:7      | Found an ancient bone altar of Kikubaaqudgha.
  6623 | D:7      | XOM: potion effect (might)
  7017 | D:7      | XOM: divination: magic mapping
  7049 | D:7      | Found a runed translucent door.
  7049 | D:7      | Found a shimmering altar of Xom.
  7049 | D:7      | Noticed Peloso's ghost (journeyman DsFi)
  7050 | D:7      | Noticed a +4 flail of chaos
  7114 | D:7      | Reached XP level 10. HP: 67/68 MP: 11/11
  7321 | D:7      | XOM: silly message
  7513 | D:8      | Learned a level 3 spell: Spider Form
  7553 | D:8      | XOM: summons friendly white imp
  7965 | D:8      | XOM: noise
  7980 | D:8      | Noticed a mana viper
  7980 | D:8      | a hippogriff changed into a mana viper
  7986 | D:8      | Killed a mana viper
  7986 | D:8      | Reached skill level 5 in Axes
  8001 | D:8      | Found a runed translucent door.
  8130 | D:8      | Found a basalt altar of Yredelemnul.
  8166 | D:8      | Learned a level 4 spell: Petrify
  8476 | D:8      | Found a staircase to the Lair.
  8495 | D:8      | XOM: confuse monster(s)
  8766 | D:9      | XOM: silly message
  8814 | D:9      | XOM: enchant monster (good)
  8816 | D:9      | XOM: enchant monster (good)
  8832 | D:9      | Reached skill level 1 in Earth Magic
  8928 | D:9      | Reached skill level 1 in Spellcasting
  8943 | D:9      | XOM: noise
  8947 | D:9      | XOM: potion effect (magic)
  9129 | D:9      | XOM: silly message
  9259 | D:9      | XOM: 2-stop teleportation journey
  9312 | D:9      | XOM: confuse monster(s)
  9359 | D:9      | Found a bloodstained altar of Trog.
  9377 | D:9      | XOM: divination: magic mapping
  9501 | D:9      | XOM: enchant monster (good)
  9865 | D:9      | XOM: butterfly on damage
  9867 | D:9      | Reached XP level 11. HP: 57/75 MP: 14/14
  9991 | D:10     | Entered Level 10 of the Dungeon
 10012 | D:10     | Reached skill level 5 in Transmutations
 10030 | D:10     | Found a roughly hewn altar of Beogh.
 10030 | D:10     | Found a staircase to the Orcish Mines.
 10034 | D:10     | XOM: potion effect (berserk rage)
 10042 | D:10     | XOM: enchant monster (bad)
 10457 | D:10     | Reached skill level 5 in Evocations
 10659 | D:10     | Noticed a two-headed ogre
 10667 | D:10     | Killed a two-headed ogre
 10805 | D:10     | Reached skill level 5 in Shields
 10993 | D:10     | Found Mycitras's Antique Armour Emporium.
 11150 | D:10     | Noticed Fannar
 11163 | D:10     | Killed Fannar
 11175 | D:10     | XOM: god gift: 29 gold pieces
 11452 | D:6      | Bought a +2 hand crossbow of freezing for 219 gold pieces
 11452 | D:6      | Bought 2 potions of curing for 72 gold pieces
 11484 | D:6      | XOM is BORED!
 11484 | D:6      | XOM: stat loss: -3 Str (13/16)
 11594 | Lair:1   | Entered Level 1 of the Lair of Beasts
 11682 | Lair:1   | XOM: potion effect (berserk rage)
 11813 | Lair:1   | XOM: divination: detect items
 11890 | Lair:1   | XOM: summons friendly white imp
 11971 | Lair:1   | Reached skill level 1 in Crossbows
 11978 | Lair:1   | XOM: god gift: hand axe {god gift}
 12518 | Lair:2   | XOM: divine lightning
 12533 | Lair:2   | XOM: smoke on damage
 12726 | Lair:2   | Reached skill level 5 in Throwing
 12767 | Lair:2   | XOM: polymorph blink frog -> spiny frog
 12778 | Lair:2   | Reached XP level 12. HP: 66/82 MP: 16/16
 13276 | Lair:2   | XOM: scenery: create altars
 13506 | Lair:2   | Found a staircase to the Shoals.
 13625 | Lair:2   | XOM is BORED!
 13625 | Lair:2   | XOM: give mutations
 13625 | Lair:2   | Gained mutation: You are partially covered in thin metallic
                  | scales. (AC +2) [Xom's mischief]
 13625 | Lair:2   | Gained mutation: You are partially covered in iridescent
                  | scales. (AC +2) [Xom's mischief]
 14004 | Lair:3   | XOM: enchant monster (good)
 14013 | Lair:3   | Reached skill level 1 in Slings
 14298 | Lair:3   | Found a hole to the Spider Nest.
 14463 | Lair:3   | Noticed a death yak
 14494 | Lair:3   | XOM: summons friendly shadow imp
 14497 | Lair:3   | XOM: divination: magic mapping
 14505 | Lair:3   | XOM: cast spell 'Leda's Liquefaction'
 14506 | Lair:3   | XOM: snakes to sticks
 14514 | Lair:3   | XOM: polymorph yak -> unseen horror
 14686 | Lair:3   | XOM: 6-stop teleportation journey
 14687 | Lair:3   | Noticed a death yak
 14687 | Lair:3   | Noticed a death yak
 14705 | Lair:3   | Killed a death yak
 14718 | Lair:3   | Noticed a death yak
 14720 | Lair:3   | Noticed a death yak
 14722 | Lair:3   | Noticed a catoblepas
 14729 | Lair:3   | XOM: potion effect (brilliance)
 14750 | Lair:3   | Killed a catoblepas
 14839 | Lair:3   | XOM: 2-stop teleportation journey
 15035 | Lair:3   | XOM: potion effect (stabbing)
 15045 | Lair:3   | XOM: potion effect (haste)
 15060 | Lair:3   | XOM: potion effect (magic)
 15061 | Lair:3   | XOM: confuse monster(s)
 15064 | Lair:3   | Killed a death yak
 15066 | Lair:3   | Killed a death yak
 15066 | Lair:3   | Killed a death yak
 15328 | Lair:3   | XOM: god gift: 3 rations
 15755 | Lair:4   | XOM: cast spell 'Summon Butterflies'
 15767 | Lair:4   | Reached skill level 5 in Earth Magic
 15904 | Lair:4   | Reached XP level 13. HP: 89/89 MP: 18/18
 15960 | Lair:4   | XOM: summons 13 friendly demons
 15978 | Lair:4   | XOM: scenery: create altars
 15990 | Lair:4   | Noticed an entropy weaver
 16021 | Lair:4   | Noticed an entropy weaver
 16024 | Lair:4   | Killed an entropy weaver
 16329 | Lair:4   | XOM: noise
 16466 | Lair:4   | XOM: draining
 16508 | Lair:4   | Killed an entropy weaver
 16742 | Lair:4   | XOM: 2-stop teleportation journey
 17314 | Lair:5   | XOM: noise
 17357 | Lair:5   | XOM: 1-stop teleportation journey
 17419 | Lair:5   | XOM: enchant monster (bad)
 17425 | Lair:5   | XOM: swap monsters
 17434 | Lair:5   | XOM: confuse monster(s)
 17438 | Lair:5   | XOM: summons friendly crimson imp
 17682 | Lair:5   | XOM: destruction
 17865 | Lair:5   | XOM: god gift: 27 gold pieces
 17915 | Lair:5   | XOM: cloud trail
 17960 | Lair:5   | Got a dazzling dagger
 17961 | Lair:5   | Identified the cursed +1 dagger of the Equator {holy, rC+}
                  | (You found it on level 5 of the Lair of Beasts)
 17986 | Lair:5   | XOM: enchant monster (bad)
 17996 | Lair:5   | XOM: god gift: thin glowing staff {god gift}
 18108 | Lair:5   | XOM: cleaving
 18110 | Lair:5   | XOM: silly message
 18438 | Lair:5   | XOM: confuse monster(s)
 18572 | Lair:5   | XOM: god gift: knobbly jewelled staff {god gift}
 18611 | Lair:6   | Entered Level 6 of the Lair of Beasts
 18765 | Lair:6   | XOM: god gift: phantom mirror
 18905 | Lair:6   | Reached XP level 14. HP: 97/97 MP: 20/20
 19105 | Lair:6   | XOM: god gift: 56 gold pieces
 19152 | Lair:6   | XOM: confuse monster(s)
 19216 | Lair:6   | Found a staircase to the Slime Pits.
 19314 | Lair:6   | XOM: give mutation
 19314 | Lair:6   | Gained mutation: You are partially covered in large bone
                  | plates. (SH +4) [Xom's grace]
 19389 | Lair:6   | XOM: confusion (+ monsters)
 19509 | Lair:6   | Noticed Nessos
 19568 | Lair:6   | Killed Nessos
 19593 | Lair:6   | XOM: confuse monster(s)
 19794 | Lair:6   | XOM: noise
 19903 | Lair:6   | XOM: blink monster(s)
 19958 | Lair:6   | XOM: confuse monster(s)
 20007 | Lair:6   | XOM: give mutations
 20007 | Lair:6   | Gained mutation: You are dopey. (Int -2) [Xom's mischief]
 20049 | Lair:6   | XOM: swap monsters
 20052 | Lair:6   | XOM: summons 1 hostile shadow creature
 20203 | Lair:6   | XOM: confusion
 20251 | Lair:6   | XOM: chaos cloud
 20258 | Lair:6   | Killed from afar by a catoblepas

Illustrated notes

Levels and vault maps discovered:
D:1:      psy_arrival_whirlpool, layout_loops_ring
D:2:      layout_basic, chequers_ecumenical_altar_island, minmay_pentomino_w2
D:3:      layout_rooms
D:4:      layout_loops_ring, grunt_dithmenos_shadows, dancing_weapons_uskayaw,
          minmay_temple_entry_enclosed_plants, first_ration, corner_web_ring
D:5:      layout_loops_cross, nicolae_tso_besieged_by_evil, serial_rivers,
          chequers_serial_rivers_large_b, chequers_serial_rivers_room_a,
          chequers_serial_rivers_micro_c, chequers_serial_rivers_small_b,
          chequers_serial_rivers_marsh, ashenzari_altar_1
D:6:      layout_loops_ring, fedhas_altar_3, serial_shops, shop,
          kennysheep_dice, uniq_maggie, uniq_sigmund
D:7:      layout_basic, lemuel_mausoleum_altar_kikubaaqudgha,
          grunt_temple_overflow_open, ebering_ghost_xom, uniq_duvessa
D:8:      layout_rooms, david_lair_shrubbed, blue_anna_alchemist
          [blue_anna_fruit_fields, blue_anna_fruit_fields],
          dk_yredelemnul_ordeal
D:9:      layout_long_grid, lemuel_doored_altar
D:10:     layout_cave_pods, david_orc_5, serial_shops, nicolae_shop_stone,
          uniq_fannar
Lair:1:   beast_lair_carwin_large_2, layout_small_grid, lemuel_old_faithful
Lair:2:   layout_chaotic_city, minmay_shoals_entry_centaurs,
          minmay_stone_trees_small, grunt_megastairs_2
Lair:3:   layout_gridlike, spider_nest_entry_web_field
Lair:4:   layout_regular_city, st_stairs_9, minmay_another_anthill,
          infiniplex_staircase_pool, serial_bayou_shore_b
Lair:5:   layout_cave_pods, minmay_lair_oklob_chamber, lemuel_fruit_fields
Lair:6:   evilmike_catoblepas_cave, layout_hall_layers,
          nicolae_slime_entry_slimehenge, uniq_nessos

Skill      XL: |  1  2  3  4  5  6  7  8  9 10 11 12 13 14 |
---------------+-------------------------------------------+-----
Dodging        | 2 3 4 5 6 7 8 9 |  9.6
Fighting       | 3 4 5 6 7 8 9 |  9.4
Short Blades   | 3 4 5 6 |  6.8
Throwing       | 3 4 5 |  5.6
Evocations     | 1 2 4 6 7 8 9 |  9.1
Transmutations | 2 3 4 6 7 8 |  8.9
Shields        | 1 3 4 5 6 7 |  7.7
Axes           | 4 5 6 7 8 |  8.6
Earth Magic    | 1 3 5 6 |  6.7
Spellcasting   | 1 2 3 4 |  4.2
Crossbows      | 1 3 |  3.1
Slings         | 1 3 |  3.6
Stealth        | 6 7 |  7.4
Maces & Flails | |  0.4
Unarmed Combat | |  0.7

Action                   |  1- 3 |  4- 6 |  7- 9 | 10-12 | 13-15 || total
-------------------------+-------+-------+-------+-------+-------++-------
Melee: Dagger            |    22 |       |       |     1 |    23 ||    46
       Constrict         |     6 |    20 |    33 |    48 |    34 ||   141
       Short sword       |    21 |    83 |    67 |       |     2 ||   173
       Tentacles         |     2 |    13 |    33 |    93 |    71 ||   212
       Unarmed           |       |       |     3 |       |       ||     3
       War axe           |       |       |    78 |   382 |   243 ||   703
       Morningstar       |       |       |     4 |       |       ||     4
       Punch             |       |       |     1 |     2 |     1 ||     4
       Kick              |       |       |       |    76 |    58 ||   134
       Staff             |       |       |       |       |     1 ||     1
 Fire: Hand crossbow     |       |       |       |    65 |       ||    65
       Hunting sling     |       |       |       |    29 |   106 ||   135
Throw: Dart              |     4 |    18 |     8 |    50 |    78 ||   158
       Stone             |       |     5 |       |       |       ||     5
       Boomerang         |       |       |       |    28 |       ||    28
       Javelin           |       |       |       |       |    13 ||    13
 Cast: Beastly Appendage |       |       |     1 |    36 |    33 ||    70
       Sticks to Snakes  |       |       |       |    31 |    47 ||    78
       Petrify           |       |       |       |       |    45 ||    45
Evoke: Wand              |       |     3 |    16 |    37 |    34 ||    90
       Lightning rod     |       |       |       |       |     8 ||     8
       Phial of floods   |       |       |       |       |     2 ||     2
       Phantom mirror    |       |       |       |       |     1 ||     1
  Use: Scroll            |       |     4 |     5 |    19 |     6 ||    34
       Potion            |       |       |     3 |    11 |     7 ||    21
 Stab: Sleeping          |    15 |    12 |    22 |    18 |     7 ||    74
       Confused          |       |       |     1 |       |     2 ||     3
       Distracted        |       |       |       |     4 |     3 ||     7
       Paralysed         |       |       |       |     1 |       ||     1
       Petrified         |       |       |       |    14 |    33 ||    47
       Invisible         |       |       |       |     5 |       ||     5
       Petrifying        |       |       |       |     2 |     4 ||     6
  Eat: Chunk             |     1 |     6 |     9 |    26 |    10 ||    52
       Ration            |       |       |     1 |     1 |     2 ||     4
Armor: Skin              |     3 |     5 |    16 |    52 |    18 ||    94
Dodge: Dodged            |    22 |    34 |    89 |   255 |   116 ||   516
Block: Buckler           |       |       |    20 |   197 |   170 ||   387
       Reflection        |       |       |       |     6 |     2 ||     8
